 Dungeon Crawl Stone Soup version 0.30-a0-782-ge64f9170bb (webtiles) character file.

Game seed: 1863305459152146571

312 Zeus77 the Covered (level 6, -1/56 HPs)
             Began as a Minotaur Fighter on Mar 4, 2023.
             Slain by a gnoll sergeant
             ... wielding a +1 trident of protection
              (4 damage)
             ... on level 5 of the Dungeon.
             The game lasted 00:04:19 (3848 turns).

Zeus77 the Covered (Minotaur Fighter)               Turns: 3848, Time: 00:04:20

Health: -1/56      AC:  7    Str: 23    XL:     6   Next: 18%
Magic:  5/5        EV:  9    Int:  5    God:
Gold:   232        SH:  4    Dex:  9    Spells: 5/5 levels left

rFire   . . .      SeeInvis .    a - +0 war axe
rCold   . . .      Faith    .    c - +0 buckler
rNeg    . . .      Spirit   .    b - +0 scale mail
rPois   .          Reflect  .    (helmet restricted)
rElec   .          Harm     .    (no cloak)
rCorr   .          Rampage  .    (no gloves)
Will    .....                    (no boots) Stlth
                                 (no amulet)
HPRegen 0.29/turn                (no ring)
MPRegen 0.09/turn                (no ring)

@: no status effects
A: horns 2, retaliatory headbutt
a: no special abilities


You were on level 5 of the Dungeon.
You visited 1 branch of the dungeon, and saw 5 of its levels.

You collected 232 gold pieces.

Inventory:

Hand Weapons
 a - a +0 war axe (weapon)
Missiles
 m - 2 throwing nets (quivered)
Armour
 b - a +0 scale mail (worn)
 c - a +0 buckler (worn)
Jewellery
 v - a ring of positive energy
Wands
 d - a wand of mindburst (11)
 u - a wand of flame (18)
Scrolls
 f - 4 scrolls of identify {unknown}
 h - a scroll of vulnerability {unknown}
 i - a scroll of acquirement {unknown}
 k - a scroll of enchant armour {unknown}
 l - 2 scrolls of teleportation {unknown}
 n - a scroll of immolation {unknown}
 o - a scroll of amnesia {unknown}
 q - a scroll of magic mapping {unknown}
 r - 2 scrolls of enchant weapon {unknown}
 s - a scroll of noise {unknown}
 t - a scroll of fog {unknown}
 w - a scroll of fear {unknown}
Potions
 e - a potion of brilliance {unknown}
 g - 2 potions of lignification
 j - a potion of curing
 p - 2 potions of magic {unknown}


   Skills:
 + Level 5.2 Fighting
 + Level 4.3 Axes
 + Level 5.3 Armour
 + Level 5.2 Shields


You had 5 spell levels left.
You didn't know any spells.
Your spell library was empty.

Dungeon Overview and Level Annotations

Branches:
Dungeon (5/15)
 Temple: D:4-7

Altars:
Okawaru
Qazlal
Wu Jian
Xom


Innate Abilities, Weirdness & Mutations

You have a pair of horns on your head.
You reflexively headbutt those who attack you in melee.


Message History

The gnoll sergeant shouts!
The gnoll shouts! x4
Found 2 poisoned darts.
There is a stone staircase leading up here.
Found 5 stones.
The gnoll hits you but does no damage. The gnoll closely misses you.
You furiously retaliate!
You headbutt the gnoll!
You kill the gnoll!
The gnoll hits you from afar with a +0 spear.
The gnoll sergeant barely misses you.
You hit the gnoll.
The gnoll is moderately wounded.
You block the gnoll's attack. The gnoll closely misses you.
The gnoll sergeant closely misses you.
You hit the gnoll.
The gnoll is heavily wounded.
The gnoll hits you with a +0 spear.
The gnoll hits you from afar with a +0 spear.
The gnoll sergeant hits you from afar with a +1 trident of protection!
You barely miss the gnoll.
The gnoll is heavily wounded.
You block the gnoll's attack.
The gnoll hits you from afar with a +0 spear.
The gnoll sergeant barely misses you.
You hit the gnoll.
The gnoll is severely wounded.
You hit the gnoll but do no damage. You block the gnoll's attack.
The gnoll hits you with a +0 spear. The gnoll closely misses you.
The gnoll sergeant hits you from afar with a +1 trident of protection!
You block the gnoll's attack. The gnoll hits you with a +0 spear.
* * * LOW HITPOINT WARNING * * *
The gnoll sergeant hits you from afar with a +1 trident of protection!
* * * LOW HITPOINT WARNING * * *
The gnoll barely misses you.
You are too injured to fight recklessly!
The gnoll closely misses you.
There is a stone staircase leading up here.
The gnoll hits you with a +0 whip.
* * * LOW HITPOINT WARNING * * *
You block the gnoll's attack. The gnoll hits you but does no damage.
The gnoll sergeant hits you from afar with a +1 trident of protection.
You die... ### #.. #.# #.# #@# #g# #ggg#

(......
..##...###
## .(...
###.###
#.# #..


You could see a gnoll sergeant and 3 gnolls.

Vanquished Creatures
  An ogre (D:4)
  A hound (D:4)
  An orc priest (D:4)
  5 adders
  A gnoll (D:5)
  2 ufetubi (D:4)
  3 worms
  2 dart slugs
  10 orcs
  6 endoplasms
  2 giant cockroaches (D:1)
  8 goblins
  6 hobgoblins
  3 jackals (D:1)
  6 kobolds
  3 quokkas
  6 ball pythons
  7 bats
  2 frilled lizards (D:2)
  A rat (D:1)
76 creatures vanquished.

Vanquished Creatures (others)
  A minotaur (D:1)
  A demonspawn (D:1)
  2 draconians (D:1)
  A gargoyle (D:1)
  2 vine stalkers (D:1)
  A merfolk (D:1)
  2 spriggans (D:1)
  A formicid (D:1)
  A naga (D:1)
  A dwarf (D:1)
  An ogre (D:1)
  A kobold (D:1)
  5 tentacles (D:1)
20 creatures vanquished.

Grand Total: 96 creatures vanquished

Notes
Turn   | Place    | Note
-------+----------+-------------------------------------------
     0 | D:1      | Zeus77 the Minotaur Fighter began the quest for the Orb.
     0 | D:1      | Reached XP level 1. HP: 19/19 MP: 0/0
     2 | D:1      | Noticed a vine stalker
     2 | D:1      | Noticed an ogre
     2 | D:1      | Noticed a draconian
     2 | D:1      | Noticed a vine stalker
     2 | D:1      | Noticed a naga
     2 | D:1      | Noticed a spriggan
     2 | D:1      | Noticed a kraken
     2 | D:1      | Noticed a gargoyle
     2 | D:1      | Noticed a spriggan
     2 | D:1      | Noticed a draconian
     2 | D:1      | Noticed a formicid
     2 | D:1      | Noticed a demonspawn
     2 | D:1      | Noticed a merfolk
     2 | D:1      | Noticed a minotaur
     2 | D:1      | Noticed a dwarf
     3 | D:1      | Killed a vine stalker
     6 | D:1      | Killed a gargoyle
     7 | D:1      | Killed a vine stalker
     7 | D:1      | Killed a spriggan
     8 | D:1      | Killed an ogre
     9 | D:1      | Killed a spriggan
    10 | D:1      | Killed a draconian
    12 | D:1      | Killed a formicid
    13 | D:1      | Killed a merfolk
    15 | D:1      | Killed a naga
    17 | D:1      | Killed a dwarf
    17 | D:1      | Killed a demonspawn
    18 | D:1      | Killed a minotaur
    18 | D:1      | Killed a draconian
   105 | D:1      | Reached XP level 2. HP: 27/27 MP: 1/1
  1029 | D:2      | Reached XP level 3. HP: 33/33 MP: 2/2
  2251 | D:3      | Reached XP level 4. HP: 40/40 MP: 3/3
  2407 | D:3      | Found an ornate altar of the Wu Jian Council.
  2407 | D:3      | Found a shimmering altar of Xom.
  2416 | D:3      | Found an iron altar of Okawaru.
  2418 | D:3      | Found a faded altar of an unknown god.
  2420 | D:3      | Found a stormy altar of Qazlal.
  2948 | D:4      | Noticed an ogre
  2951 | D:4      | Killed an ogre
  2952 | D:4      | Reached XP level 5. HP: 25/47 MP: 4/4
  3306 | D:4      | Reached skill level 5 in Armour
  3356 | D:4      | Reached skill level 5 in Fighting
  3356 | D:4      | Reached skill level 5 in Shields
  3511 | D:4      | Reached XP level 6. HP: 38/56 MP: 5/5
  3841 | D:5      | Entered Level 5 of the Dungeon
  3848 | D:5      | Slain by a gnoll sergeant

Illustrated notes

Levels and vault maps discovered:
D:1:      nicolae_arrival_kraken_aquarium_b, layout_loops_corners
D:2:      layout_basic
D:3:      layout_loops_corners, chequers_temple_overflow_minitemple
D:4:      layout_gridville
D:5:      layout_loops_ring, minmay_temple_entry_mist, serial_shops,
          kennysheep_mini_moat, uniq_pikel

Skill      XL: |  1  2  3  4  5 |
---------------+----------------+-----
Armour         | 4 5 |  5.3
Fighting       | 4 5 |  5.2
Shields        | 4 5 |  5.2
Axes           | 3 4 |  4.3

Action                     |  1- 3 |  4- 6 || total
---------------------------+-------+-------++-------
  Melee: War axe           |    96 |    69 ||   165
         Headbutt          |     8 |    11 ||    19
    Use: Potion            |     3 |       ||     3
 Armour: Scale mail        |    38 |    24 ||    62
         Skin              |     7 |       ||     7
  Dodge: Dodged            |    54 |    44 ||    98
  Block: Buckler           |    25 |    19 ||    44

Table legend: (Time is in decaauts)
 A = Elapsed time spent in this place.
 B = Non-inter-level travel time spent in this place.
 C = Inter-level travel time spent in this place.
 D = Time resting spent in this place.
 E = Time spent auto-exploring this place.
 F = Levels seen in this place.
 G = Mean time per level.
                   A        B        C        D        E       F      G
               +--------+--------+--------+--------+--------+-----+--------+
         Total |   3908 |   3595 |    313 |    158 |   2883 |   5 |  781.6 |
       Dungeon |   3908 |   3595 |    313 |    158 |   2883 |   5 |  781.6 |
               +--------+--------+--------+--------+--------+-----+--------+

Top non-repeatable levels by time:
     D:2: 1067 daAuts
     D:4: 991 daAuts
     D:3: 927 daAuts
     D:1: 913 daAuts
     D:5: 8 daAuts
